[ AOE2 MATCH · #508722903 ]
UnrankedCiv #61 vs Vikings
[ REPLAY ANALYSIS · EXTRACTED FROM THE RECORDED GAME ]
Feudal
12:35
Castle
18:35
Imperial
34:11
| APM avg | 30.3 |
| APM peak | 61 |
| eAPM avg | 18.2 |
| Villagers / military | 158 / 9 |
Focus
⚔️ 32.2% · 🌾 67.8%
Unknown (2703) ×71 · Unknown (2708) ×47 · Fishing Ship ×9 · Trebuchet (Packed) ×5 · Monk ×2 · Petard ×2
Feudal
11:44
Castle
20:45
Imperial
38:39
| APM avg | 26.1 |
| APM peak | 42 |
| eAPM avg | 15.6 |
| Villagers / military | 136 / 93 |
Focus
⚔️ 33.5% · 🌾 66.5%
Skirmisher ×48 · Berserk ×42 · Fishing Ship ×7 · Battering Ram ×3
Feudal
10:16
Castle
16:38
Imperial
35:35
| APM avg | 35.3 |
| APM peak | 65 |
| eAPM avg | 18.0 |
| Villagers / military | 107 / 86 |
Focus
⚔️ 40.6% · 🌾 59.4%
Longbowman ×67 · Knight ×8 · Monk ×6 · Trebuchet (Packed) ×3 · Fishing Ship ×2 · Scout Cavalry ×1
Feudal
11:09
Castle
21:08
Imperial
34:52
| APM avg | 44.3 |
| APM peak | 117 |
| eAPM avg | 25.8 |
| Villagers / military | 168 / 134 |
Focus
⚔️ 31.5% · 🌾 68.5%
Archer ×73 · Knight ×28 · Skirmisher ×9 · War Wagon ×8 · Monk ×4 · Trebuchet (Packed) ×4
Match map
Initial resources + every placement click. Lines = walls · curves = elevation contours. ◆ gold · ⬟ stone · ● berries · ✦ relic · ◌ wall gap
Your base· ✓ Closed at 18:35 · 49t walls · no gate
kuijn's base· Open — 6t gap
Jaha's base· Open — unwalled flank
LMG_SON SABANDIJAS's base· ✓ Closed at 21:08 · 43t walls · 2 gate(s)
Smoothed initial terrain · ◌ = detected wall gap · hover for details
Inputs per minute
— LMG_Leonardo - - kuijn
Build order — LMG_Leonardo
First 150 of 464 actions detected
| 0:02 | Queue | Villager (Male) |
| 0:02 | Queue | Villager (Male) |
| 0:02 | Queue | Villager (Male) |
| 0:02 | Queue | Villager (Male) |
| 0:04 | Build | House |
| 0:05 | Build | House |
| 1:23 | Queue | Villager (Male) |
| 1:23 | Queue | Villager (Male) |
| 1:23 | Queue | Villager (Male) |
| 1:59 | Build | Lumber Camp |
| 2:03 | Queue | Villager (Male) |
| 2:03 | Queue | Villager (Male) |
| 2:03 | Queue | Villager (Male) |
| 2:36 | Queue | Villager (Male) |
| 2:36 | Queue | Villager (Male) |
| 3:12 | Queue | Villager (Male) |
| 3:12 | Queue | Villager (Male) |
| 3:12 | Queue | Villager (Male) |
| 3:51 | Queue | Villager (Male) |
| 3:51 | Queue | Villager (Male) |
| 4:01 | Queue | Villager (Male) |
| 4:02 | Queue | Villager (Male) |
| 4:21 | Build | Dock |
| 4:30 | Queue | Villager (Male) |
| 4:31 | Queue | Villager (Male) |
| 5:07 | Build | Mill |
| 5:15 | Queue | Villager (Male) |
| 5:15 | Queue | Villager (Male) |
| 5:32 | Research | Loom |
| 5:37 | Queue | Villager (Male) |
| 5:37 | Queue | Villager (Male) |
| 5:37 | Queue | Villager (Male) |
| 5:44 | Queue | Fishing Ship |
| 5:44 | Queue | Fishing Ship |
| 6:25 | Queue | Fishing Ship |
| 6:25 | Queue | Fishing Ship |
| 6:25 | Queue | Fishing Ship |
| 6:40 | Queue | Villager (Male) |
| 6:41 | Queue | Villager (Male) |
| 6:47 | Queue | Fishing Ship |
| 6:48 | Queue | Fishing Ship |
| 6:57 | Queue | Villager (Male) |
| 6:58 | Queue | Villager (Male) |
| 7:20 | Build | Mill |
| 7:26 | Queue | Villager (Male) |
| 7:26 | Queue | Villager (Male) |
| 7:47 | Queue | Villager (Male) |
| 7:47 | Queue | Villager (Male) |
| 7:59 | Queue | Fishing Ship |
| 8:06 | Build | Farm |
| 8:12 | Queue | Villager (Male) |
| 8:20 | Build | Farm |
| 8:36 | Queue | Villager (Male) |
| 8:46 | Queue | Fishing Ship |
| 8:50 | Queue | Villager (Male) |
| 9:13 | Queue | Villager (Male) |
| 9:18 | Build | Farm |
| 9:23 | Build | Farm |
| 9:44 | Build | Farm |
| 9:49 | Queue | Villager (Male) |
| 9:55 | Build | House |
| 9:57 | Build | House |
| 10:21 | Research | Feudal Age |
| 10:21 | Research | Feudal Age |
| 11:08 | Build | House |
| 11:10 | Build | Palisade Wall |
| 11:23 | Build | Barracks |
| 12:14 | Queue | Villager (Male) |
| 12:14 | Queue | Villager (Male) |
| 12:25 | Build | House |
| 12:35 | Age | Feudal Age |
| 12:37 | Build | Stable |
| 12:42 | Research | Double-Bit Axe |
| 12:53 | Build | Mill |
| 13:02 | Build | Palisade Wall |
| 13:05 | Build | Palisade Wall |
| 13:07 | Build | Palisade Wall |
| 13:11 | Queue | Villager (Male) |
| 13:23 | Build | Farm |
| 13:40 | Build | Palisade Wall |
| 13:50 | Queue | Villager (Male) |
| 13:50 | Queue | Villager (Male) |
| 14:09 | Build | Blacksmith |
| 14:32 | Queue | Villager (Male) |
| 14:55 | Build | Mining Camp |
| 14:57 | Queue | Villager (Male) |
| 15:02 | Build | Palisade Wall |
| 15:04 | Build | Palisade Wall |
| 15:27 | Queue | Villager (Male) |
| 15:40 | Build | Palisade Wall |
| 15:42 | Build | Palisade Wall |
| 15:46 | Research | Castle Age |
| 16:33 | Research | Scale Barding Armor |
| 16:36 | Research | Forging |
| 17:04 | Research | Horse Collar |
| 17:12 | Build | Lumber Camp |
| 17:23 | Queue | Villager (Male) |
| 17:23 | Queue | Villager (Male) |
| 17:37 | Build | Farm |
| 17:54 | Queue | Villager (Male) |
| 18:10 | Research | Bloodlines |
| 18:35 | Age | Castle Age |
| 18:41 | Queue | Unit 2708 |
| 18:41 | Queue | Unit 2708 |
| 18:42 | Queue | Unit 2708 |
| 18:42 | Queue | Unit 2708 |
| 18:55 | Build | Town Center |
| 19:15 | Queue | Villager (Male) |
| 19:28 | Queue | Villager (Male) |
| 19:29 | Queue | Villager (Male) |
| 19:47 | Queue | Villager (Male) |
| 19:48 | Queue | Villager (Male) |
| 19:48 | Queue | Villager (Male) |
| 19:48 | Queue | Villager (Male) |
| 19:48 | Queue | Villager (Male) |
| 20:01 | Build | Farm |
| 20:03 | Research | Bow Saw |
| 20:21 | Build | Town Center |
| 20:27 | Queue | Villager (Male) |
| 20:27 | Queue | Villager (Male) |
| 20:27 | Queue | Villager (Male) |
| 20:35 | Queue | Unit 2708 |
| 20:36 | Queue | Unit 2708 |
| 20:45 | Build | Market |
| 20:56 | Build | Farm |
| 21:09 | Build | Monastery |
| 21:11 | Build | House |
| 21:11 | Build | House |
| 21:11 | Build | House |
| 21:11 | Build | House |
| 21:22 | Build | Farm |
| 21:53 | Queue | Villager (Male) |
| 21:54 | Queue | Villager (Male) |
| 21:55 | Queue | Villager (Male) |
| 21:55 | Queue | Villager (Male) |
| 21:55 | Queue | Villager (Male) |
| 22:05 | Build | House |
| 22:06 | Build | House |
| 22:07 | Build | House |
| 22:10 | Queue | Unit 2708 |
| 22:10 | Queue | Unit 2708 |
| 22:10 | Queue | Unit 2708 |
| 22:11 | Queue | Unit 2708 |
| 22:17 | Queue | Monk |
| 22:17 | Queue | Monk |
| 22:43 | Build | House |
| 22:50 | Queue | Villager (Male) |
| 22:50 | Queue | Villager (Male) |
| 22:51 | Queue | Villager (Male) |
| 22:51 | Queue | Villager (Male) |
Build order — kuijn
First 150 of 328 actions detected
| 0:01 | Queue | Villager (Male) |
| 0:01 | Queue | Villager (Male) |
| 0:03 | Build | House |
| 0:05 | Build | House |
| 0:15 | Queue | Villager (Male) ×2 |
| 1:27 | Queue | Villager (Male) |
| 1:51 | Queue | Villager (Male) |
| 2:11 | Build | Lumber Camp |
| 2:29 | Queue | Villager (Male) ×2 |
| 2:54 | Queue | Villager (Male) |
| 3:09 | Build | House |
| 3:50 | Queue | Villager (Male) |
| 3:50 | Queue | Villager (Male) |
| 4:10 | Build | Mill |
| 4:49 | Queue | Villager (Male) |
| 5:19 | Queue | Villager (Male) |
| 5:40 | Queue | Villager (Male) |
| 6:01 | Build | Mill |
| 6:02 | Queue | Villager (Male) |
| 6:06 | Build | House |
| 6:10 | Build | Palisade Wall |
| 6:11 | Build | Palisade Wall |
| 6:26 | Build | Dock |
| 6:41 | Queue | Villager (Male) |
| 6:42 | Queue | Villager (Male) |
| 7:05 | Queue | Fishing Ship |
| 7:22 | Build | Mill |
| 7:31 | Research | Loom |
| 8:04 | Queue | Villager (Male) |
| 8:42 | Build | Dock |
| 8:47 | Queue | Villager (Male) |
| 9:34 | Research | Feudal Age |
| 9:43 | Build | Mining Camp |
| 10:06 | Build | Palisade Wall |
| 10:49 | Build | Palisade Wall |
| 11:32 | Build | Palisade Wall |
| 11:34 | Build | Palisade Wall |
| 11:36 | Build | Palisade Wall |
| 11:44 | Age | Feudal Age |
| 11:50 | Research | Double-Bit Axe |
| 11:54 | Queue | Villager (Male) |
| 11:54 | Queue | Villager (Male) |
| 11:58 | Queue | Fishing Ship |
| 12:23 | Build | Market |
| 12:26 | Queue | Villager (Male) |
| 12:30 | Queue | Villager (Male) |
| 12:44 | Queue | Villager (Male) |
| 13:09 | Queue | Villager (Male) |
| 13:29 | Build | Palisade Wall |
| 13:31 | Queue | Villager (Male) |
| 13:39 | Research | Tech 906 |
| 14:20 | Queue | Villager (Male) |
| 14:32 | Queue | Villager (Male) |
| 14:38 | Research | Horse Collar |
| 14:45 | Queue | Fishing Ship |
| 14:46 | Queue | Fishing Ship |
| 15:13 | Queue | Villager (Male) |
| 15:20 | Build | Palisade Wall |
| 15:44 | Build | House |
| 15:57 | Queue | Villager (Male) |
| 16:15 | Build | Blacksmith |
| 16:31 | Queue | Villager (Male) |
| 16:58 | Build | Barracks |
| 17:01 | Build | House |
| 17:06 | Build | Palisade Wall |
| 17:10 | Queue | Villager (Male) |
| 17:15 | Queue | Fishing Ship |
| 17:28 | Build | Dock |
| 17:41 | Queue | Villager (Male) |
| 17:47 | Build | House |
| 17:52 | Build | Palisade Wall |
| 18:00 | Queue | Villager (Male) |
| 18:04 | Research | Castle Age |
| 18:13 | Build | Archery Range |
| 18:17 | Build | House |
| 18:22 | Build | Archery Range |
| 18:47 | Build | Gate |
| 19:01 | Build | Lumber Camp |
| 19:08 | Build | Farm |
| 19:11 | Build | Farm |
| 19:13 | Build | Farm |
| 19:18 | Build | Farm |
| 19:27 | Build | Farm |
| 19:36 | Build | Stone Wall |
| 19:40 | Build | Farm |
| 19:43 | Build | Farm |
| 19:46 | Build | Farm |
| 19:48 | Research | Fletching |
| 20:00 | Queue | Skirmisher |
| 20:00 | Queue | Skirmisher |
| 20:12 | Queue | Fishing Ship |
| 20:12 | Queue | Fishing Ship |
| 20:27 | Queue | Villager (Male) |
| 20:28 | Queue | Villager (Male) |
| 20:44 | Research | Town Watch |
| 20:45 | Age | Castle Age |
| 21:03 | Build | Town Center |
| 21:10 | Research | Bodkin Arrow |
| 21:12 | Queue | Villager (Male) |
| 21:42 | Build | Palisade Wall |
| 21:46 | Build | Palisade Wall |
| 21:49 | Build | Palisade Wall |
| 22:06 | Build | Palisade Wall |
| 22:10 | Build | Palisade Wall |
| 22:25 | Queue | Villager (Male) |
| 22:37 | Build | Town Center |
| 22:43 | Queue | Villager (Male) |
| 23:04 | Build | Dock |
| 23:07 | Queue | Villager (Male) |
| 23:11 | Queue | Villager (Male) |
| 23:19 | Build | Mining Camp |
| 23:30 | Queue | Skirmisher |
| 23:30 | Queue | Skirmisher |
| 23:30 | Queue | Skirmisher |
| 23:53 | Queue | Villager (Male) |
| 23:54 | Queue | Villager (Male) |
| 23:54 | Queue | Villager (Male) |
| 24:02 | Queue | Villager (Male) |
| 24:05 | Build | Farm |
| 24:06 | Queue | Villager (Male) |
| 24:09 | Build | Farm |
| 24:13 | Queue | Villager (Male) |
| 24:15 | Research | Stone Mining |
| 24:18 | Research | Elite Skirmisher (upgrade) |
| 24:19 | Queue | Skirmisher |
| 24:21 | Research | Padded Archer Armor |
| 24:32 | Queue | Villager (Male) |
| 24:33 | Queue | Villager (Male) |
| 24:39 | Build | Farm |
| 25:01 | Build | House |
| 25:07 | Build | House |
| 25:19 | Build | Watch Tower |
| 25:25 | Queue | Villager (Male) |
| 25:26 | Queue | Villager (Male) |
| 25:35 | Build | Town Center |
| 25:40 | Queue | Skirmisher |
| 25:41 | Queue | Skirmisher |
| 25:48 | Queue | Villager (Male) |
| 25:48 | Queue | Villager (Male) |
| 25:56 | Build | Dock |
| 26:15 | Queue | Villager (Male) |
| 26:46 | Queue | Villager (Male) |
| 26:46 | Queue | Villager (Male) |
| 26:53 | Build | University |
| 26:58 | Build | Monastery |
| 27:01 | Build | Farm |
| 27:03 | Queue | Villager (Male) ×5 |
| 27:10 | Build | Farm |
| 27:11 | Build | Farm |
| 27:11 | Build | Farm |
Build order — Jaha
First 150 of 332 actions detected
| 0:03 | Queue | Villager (Male) ×4 |
| 0:06 | Build | House |
| 1:27 | Queue | Villager (Male) |
| 1:45 | Queue | Villager (Male) |
| 1:59 | Build | Lumber Camp |
| 2:13 | Queue | Villager (Male) |
| 2:38 | Queue | Villager (Male) |
| 3:31 | Queue | Villager (Male) |
| 3:38 | Build | Mill |
| 4:08 | Queue | Villager (Male) |
| 4:21 | Queue | Villager (Male) |
| 4:39 | Queue | Villager (Male) |
| 5:19 | Queue | Villager (Male) |
| 5:53 | Build | Mill |
| 5:55 | Queue | Villager (Male) |
| 5:56 | Queue | Villager (Male) |
| 6:05 | Queue | Villager (Male) |
| 7:05 | Queue | Villager (Male) |
| 7:08 | Queue | Villager (Male) |
| 7:39 | Build | Dock |
| 7:47 | Queue | Villager (Male) |
| 8:06 | Research | Feudal Age |
| 8:24 | Queue | Fishing Ship |
| 9:31 | Build | Mill |
| 10:16 | Age | Feudal Age |
| 10:27 | Build | Mill |
| 10:50 | Build | Market |
| 10:51 | Queue | Villager (Male) |
| 11:19 | Queue | Villager (Male) |
| 11:50 | Queue | Villager (Male) |
| 12:14 | Queue | Villager (Male) |
| 12:22 | Build | Blacksmith |
| 12:41 | Queue | Villager (Male) |
| 12:49 | Build | Mining Camp |
| 13:32 | Queue | Villager (Male) |
| 13:58 | Research | Castle Age |
| 14:10 | Research | Horse Collar |
| 14:21 | Research | Double-Bit Axe |
| 14:55 | Build | House |
| 14:57 | Build | House |
| 15:26 | Research | Fletching |
| 15:55 | Build | House |
| 15:56 | Build | Palisade Wall |
| 16:38 | Age | Castle Age |
| 16:41 | Build | Town Center |
| 16:43 | Queue | Villager (Male) |
| 16:50 | Build | Monastery |
| 16:53 | Queue | Longbowman |
| 17:12 | Build | House |
| 17:14 | Queue | Longbowman |
| 17:15 | Queue | Villager (Male) |
| 17:16 | Queue | Villager (Male) |
| 17:26 | Queue | Monk |
| 17:57 | Build | Town Center |
| 18:10 | Queue | Villager (Male) |
| 18:11 | Queue | Longbowman |
| 18:29 | Queue | Monk |
| 18:30 | Queue | Villager (Male) |
| 18:36 | Build | House |
| 18:38 | Build | House |
| 18:46 | Queue | Villager (Male) |
| 18:48 | Queue | Longbowman |
| 18:57 | Research | Bow Saw |
| 18:58 | Queue | Villager (Male) |
| 19:20 | Queue | Longbowman |
| 19:36 | Research | Fervor |
| 19:51 | Queue | Villager (Male) |
| 20:03 | Build | Farm |
| 20:04 | Build | Farm |
| 20:04 | Build | Farm |
| 20:04 | Build | Farm |
| 20:04 | Build | Farm |
| 20:05 | Build | Farm |
| 20:47 | Queue | Monk |
| 20:49 | Research | Loom |
| 20:52 | Build | Farm |
| 20:52 | Build | Farm |
| 21:12 | Queue | Villager (Male) |
| 21:13 | Queue | Longbowman |
| 21:13 | Queue | Longbowman |
| 21:27 | Queue | Fishing Ship |
| 21:34 | Build | Farm |
| 21:34 | Build | Farm |
| 21:34 | Build | Farm |
| 21:35 | Build | Farm |
| 21:53 | Queue | Villager (Male) |
| 21:56 | Build | Farm |
| 21:56 | Build | Farm |
| 21:56 | Build | Farm |
| 22:09 | Queue | Villager (Male) |
| 22:11 | Queue | Longbowman |
| 22:13 | Queue | Villager (Male) |
| 22:24 | Build | Farm |
| 22:25 | Build | Farm |
| 22:25 | Build | Farm |
| 22:25 | Build | Farm |
| 22:39 | Queue | Villager (Male) |
| 22:49 | Build | University |
| 22:54 | Queue | Longbowman |
| 22:55 | Queue | Villager (Male) |
| 23:09 | Queue | Villager (Male) |
| 23:12 | Build | Farm |
| 23:26 | Queue | Longbowman |
| 23:28 | Queue | Villager (Male) |
| 23:31 | Queue | Villager (Male) |
| 23:35 | Queue | Villager (Male) |
| 23:39 | Research | Sanctity |
| 23:50 | Queue | Villager (Male) |
| 23:50 | Queue | Villager (Male) |
| 23:55 | Queue | Villager (Male) |
| 24:17 | Queue | Villager (Male) |
| 24:18 | Queue | Villager (Male) |
| 24:19 | Queue | Longbowman |
| 24:27 | Build | Farm |
| 24:28 | Build | Farm |
| 24:30 | Queue | Villager (Male) |
| 24:38 | Queue | Monk |
| 24:44 | Research | Ballistics |
| 24:57 | Queue | Villager (Male) |
| 24:57 | Queue | Villager (Male) |
| 25:02 | Build | House |
| 25:11 | Queue | Longbowman |
| 25:12 | Research | Bodkin Arrow |
| 25:16 | Build | House |
| 25:17 | Build | House |
| 25:27 | Queue | Longbowman |
| 25:27 | Queue | Longbowman |
| 25:56 | Queue | Monk |
| 25:58 | Queue | Villager (Male) |
| 25:58 | Queue | Villager (Male) |
| 25:59 | Queue | Villager (Male) |
| 26:11 | Build | Town Center |
| 26:21 | Queue | Monk |
| 26:25 | Queue | Villager (Male) |
| 26:25 | Queue | Villager (Male) |
| 26:26 | Research | Town Watch |
| 26:34 | Queue | Longbowman |
| 26:36 | Queue | Villager (Male) |
| 26:46 | Queue | Longbowman |
| 26:47 | Queue | Longbowman |
| 26:50 | Queue | Longbowman |
| 27:01 | Queue | Longbowman |
| 27:01 | Queue | Longbowman |
| 27:03 | Queue | Villager (Male) |
| 27:08 | Build | Lumber Camp |
| 27:14 | Build | Dock |
| 27:21 | Build | Stone Wall |
| 27:23 | Queue | Villager (Male) |
| 27:23 | Queue | Villager (Male) |
| 27:26 | Research | Padded Archer Armor |
Build order — LMG_SON SABANDIJAS
First 150 of 472 actions detected
| 0:03 | Build | House |
| 0:07 | Build | House |
| 0:08 | Queue | Villager (Male) |
| 0:18 | Queue | Villager (Male) |
| 0:19 | Queue | Villager (Male) |
| 0:26 | Queue | Villager (Male) |
| 0:26 | Queue | Villager (Male) |
| 1:15 | Queue | Villager (Male) |
| 1:50 | Queue | Villager (Male) |
| 1:51 | Queue | Villager (Male) |
| 1:51 | Queue | Villager (Male) |
| 1:56 | Build | Lumber Camp |
| 2:20 | Queue | Villager (Male) |
| 2:21 | Queue | Villager (Male) |
| 2:21 | Queue | Villager (Male) |
| 2:48 | Queue | Villager (Male) |
| 2:49 | Queue | Villager (Male) |
| 3:15 | Queue | Villager (Male) |
| 3:16 | Queue | Villager (Male) |
| 3:16 | Queue | Villager (Male) |
| 3:52 | Queue | Villager (Male) |
| 3:52 | Queue | Villager (Male) |
| 3:52 | Queue | Villager (Male) |
| 3:55 | Build | Mill |
| 4:11 | Queue | Villager (Male) |
| 4:12 | Queue | Villager (Male) |
| 4:12 | Queue | Villager (Male) |
| 4:41 | Queue | Villager (Male) |
| 4:41 | Queue | Villager (Male) |
| 4:42 | Queue | Villager (Male) |
| 5:14 | Queue | Villager (Male) |
| 5:14 | Queue | Villager (Male) |
| 5:14 | Queue | Villager (Male) |
| 5:22 | Build | Mill |
| 5:25 | Queue | Villager (Male) |
| 5:26 | Queue | Villager (Male) |
| 5:33 | Queue | Villager (Male) |
| 5:33 | Queue | Villager (Male) |
| 5:34 | Queue | Villager (Male) |
| 6:12 | Queue | Villager (Male) |
| 6:12 | Queue | Villager (Male) |
| 6:32 | Queue | Villager (Male) |
| 6:33 | Queue | Villager (Male) |
| 6:42 | Build | Farm |
| 6:47 | Build | Farm |
| 7:03 | Queue | Villager (Male) |
| 7:04 | Queue | Villager (Male) |
| 7:41 | Research | Loom |
| 8:20 | Queue | Villager (Male) |
| 8:21 | Queue | Villager (Male) |
| 8:21 | Queue | Villager (Male) |
| 8:56 | Research | Feudal Age |
| 9:11 | Build | Mining Camp |
| 9:16 | Build | Barracks |
| 9:50 | Queue | Villager (Male) |
| 9:50 | Queue | Villager (Male) |
| 10:01 | Build | Lumber Camp |
| 10:19 | Build | House |
| 10:55 | Queue | Villager (Male) |
| 10:55 | Queue | Villager (Male) |
| 11:09 | Age | Feudal Age |
| 11:24 | Queue | Villager (Male) |
| 11:24 | Queue | Villager (Male) |
| 11:27 | Build | Archery Range |
| 11:31 | Queue | Villager (Male) |
| 11:34 | Research | Horse Collar |
| 11:59 | Queue | Archer |
| 11:59 | Queue | Archer |
| 11:59 | Queue | Archer |
| 12:04 | Build | House |
| 12:11 | Build | Palisade Wall |
| 12:19 | Queue | Villager (Male) |
| 12:29 | Build | House |
| 12:38 | Build | Palisade Wall |
| 12:42 | Queue | Villager (Male) |
| 12:42 | Queue | Villager (Male) |
| 12:42 | Queue | Villager (Male) |
| 12:50 | Queue | Archer |
| 12:50 | Queue | Archer |
| 13:05 | Build | House |
| 13:11 | Build | Palisade Wall |
| 13:17 | Queue | Villager (Male) |
| 13:17 | Queue | Villager (Male) |
| 13:21 | Build | Farm |
| 13:21 | Build | Farm |
| 13:22 | Build | Farm |
| 13:22 | Queue | Villager (Male) |
| 13:26 | Queue | Archer |
| 13:26 | Queue | Archer |
| 13:39 | Build | Palisade Gate |
| 13:43 | Queue | Villager (Male) |
| 13:50 | Research | Double-Bit Axe |
| 13:50 | Research | Double-Bit Axe |
| 13:58 | Build | House |
| 14:01 | Build | Palisade Wall |
| 14:11 | Build | House |
| 14:29 | Build | House |
| 14:33 | Build | Palisade Wall |
| 14:39 | Build | House |
| 14:40 | Build | Palisade Gate |
| 14:43 | Build | House |
| 14:48 | Build | Palisade Wall |
| 14:59 | Queue | Villager (Male) |
| 15:08 | Build | Farm |
| 15:13 | Build | Farm |
| 15:15 | Build | Farm |
| 15:27 | Queue | Archer |
| 15:28 | Queue | Archer |
| 15:32 | Queue | Villager (Male) |
| 15:34 | Build | Farm |
| 15:35 | Queue | Villager (Male) |
| 16:08 | Queue | Villager (Male) |
| 16:10 | Build | Farm |
| 16:10 | Build | Farm |
| 16:11 | Queue | Villager (Male) |
| 16:38 | Build | Farm |
| 17:18 | Queue | Villager (Male) |
| 17:55 | Queue | Villager (Male) |
| 17:56 | Queue | Villager (Male) |
| 17:56 | Queue | Villager (Male) |
| 18:01 | Build | Blacksmith |
| 18:27 | Research | Castle Age |
| 18:37 | Build | Farm |
| 18:40 | Build | Farm |
| 19:07 | Queue | Archer |
| 19:08 | Queue | Archer |
| 19:17 | Build | Archery Range |
| 19:25 | Queue | Archer |
| 19:26 | Queue | Archer |
| 19:28 | Queue | Skirmisher |
| 19:29 | Queue | Skirmisher |
| 19:34 | Queue | Villager (Male) |
| 19:34 | Queue | Villager (Male) |
| 19:42 | Research | Fletching |
| 20:26 | Build | House |
| 20:42 | Queue | Skirmisher |
| 20:42 | Queue | Skirmisher |
| 21:04 | Build | Farm |
| 21:05 | Queue | Villager (Male) |
| 21:06 | Queue | Villager (Male) |
| 21:08 | Age | Castle Age |
| 21:15 | Build | Town Center |
| 21:18 | Queue | War Wagon |
| 21:18 | Queue | War Wagon |
| 21:18 | Queue | War Wagon |
| 21:30 | Queue | Villager (Male) |
| 21:37 | Build | Town Center |
| 21:47 | Build | Palisade Gate |
| 21:55 | Research | Crossbowman (upgrade) |
| 21:56 | Research | Crossbowman (upgrade) |
Match timeline
| 4:21 | LMG_Leonardo · first_building Dock |
| 6:10 | kuijn · wall_segment Palisade Wall x1 |
| 6:11 | kuijn · wall_segment Palisade Wall x1 |
| 6:26 | kuijn · first_building Dock |
| 7:39 | Jaha · first_building Dock |
| 9:16 | LMG_SON SABANDIJAS · first_building Barracks |
| 10:06 | kuijn · wall_segment Palisade Wall x2 |
| 10:16 | Jaha · age_up feudal |
| 10:49 | kuijn · wall_segment Palisade Wall x5 |
| 11:09 | LMG_SON SABANDIJAS · age_up feudal |
| 11:10 | LMG_Leonardo · wall_segment Palisade Wall x1 |
| 11:23 | LMG_Leonardo · first_building Barracks |
| 11:27 | LMG_SON SABANDIJAS · first_building Archery Range |
| 11:32 | kuijn · wall_segment Palisade Wall x1 |
| 11:34 | kuijn · wall_segment Palisade Wall x1 |
| 11:36 | kuijn · wall_segment Palisade Wall x1 |
| 11:44 | kuijn · age_up feudal |
| 12:11 | LMG_SON SABANDIJAS · wall_segment Palisade Wall x15 |
| 12:35 | LMG_Leonardo · age_up feudal |
| 12:37 | LMG_Leonardo · first_building Stable |
| 12:38 | LMG_SON SABANDIJAS · wall_segment Palisade Wall x10 |
| 13:02 | LMG_Leonardo · wall_segment Palisade Wall x4 |
| 13:05 | LMG_Leonardo · wall_segment Palisade Wall x10 |
| 13:07 | LMG_Leonardo · wall_segment Palisade Wall x8 |
| 13:11 | LMG_SON SABANDIJAS · wall_segment Palisade Wall x10 |
| 13:25 | Jaha · first_market_sell 100 food |
| 13:29 | kuijn · wall_segment Palisade Wall x10 |
| 13:40 | LMG_Leonardo · wall_segment Palisade Wall x5 |
| 14:01 | LMG_SON SABANDIJAS · wall_segment Palisade Wall x1 |
| 14:33 | LMG_SON SABANDIJAS · wall_segment Palisade Wall x3 |
| 14:48 | LMG_SON SABANDIJAS · wall_segment Palisade Wall x5 |
| 15:02 | LMG_Leonardo · wall_segment Palisade Wall x4 |
| 15:04 | LMG_Leonardo · wall_segment Palisade Wall x8 |
| 15:20 | kuijn · wall_segment Palisade Wall x6 |
| 15:40 | LMG_Leonardo · wall_segment Palisade Wall x4 |
| 15:42 | LMG_Leonardo · wall_segment Palisade Wall x7 |
| 15:56 | Jaha · wall_segment Palisade Wall x1 |
| 16:38 | Jaha · age_up castle |
| 16:50 | Jaha · first_building Monastery |
| 16:58 | kuijn · first_building Barracks |
| 17:06 | kuijn · wall_segment Palisade Wall x1 |
| 17:52 | kuijn · wall_segment Palisade Wall x1 |
| 18:13 | kuijn · first_building Archery Range |
| 18:35 | LMG_Leonardo · age_up castle |
| 19:36 | kuijn · wall_segment Stone Wall x1 |
| 20:45 | kuijn · age_up castle |
| 21:08 | LMG_SON SABANDIJAS · age_up castle |
| 21:09 | LMG_Leonardo · first_building Monastery |
| 21:42 | kuijn · wall_segment Palisade Wall x1 |
| 21:46 | kuijn · wall_segment Palisade Wall x1 |
| 21:49 | kuijn · wall_segment Palisade Wall x1 |
| 22:06 | kuijn · wall_segment Palisade Wall x1 |
| 22:10 | kuijn · wall_segment Palisade Wall x1 |
| 22:16 | LMG_Leonardo · first_market_sell 100 wood |
| 22:33 | LMG_SON SABANDIJAS · first_building Monastery |
| 22:33 | kuijn · first_market_buy 100 stone |
| 24:02 | LMG_Leonardo · first_market_buy 100 food |
| 26:53 | LMG_SON SABANDIJAS · first_building Siege Workshop |
| 26:58 | kuijn · first_building Monastery |
| 27:21 | Jaha · wall_segment Stone Wall x9 |
| 30:27 | LMG_SON SABANDIJAS · first_building Stable |
| 30:54 | kuijn · first_building Siege Workshop |
| 30:54 | LMG_SON SABANDIJAS · first_building Castle |
| 31:40 | LMG_SON SABANDIJAS · first_market_buy 100 food |
| 32:03 | Jaha · wall_segment Stone Wall x3 |
| 32:04 | Jaha · wall_segment Stone Wall x7 |
| 32:09 | Jaha · wall_segment Stone Wall x9 |
| 32:23 | Jaha · first_market_buy 100 food |
| 32:56 | Jaha · first_building Barracks |
| 33:31 | kuijn · first_building Castle |
| 33:54 | kuijn · wall_segment Palisade Wall x1 |
| 34:11 | LMG_Leonardo · age_up imperial |
| 34:16 | Jaha · first_building Stable |
| 34:40 | Jaha · first_building Castle |
| 34:52 | LMG_SON SABANDIJAS · age_up imperial |
| 35:35 | Jaha · age_up imperial |
| 36:33 | LMG_Leonardo · first_building Castle |
| 38:39 | kuijn · age_up imperial |
| 42:49 | Jaha · resign |
[ AI ANALYSIS · 1 CREDIT ]
What really happened in this match?
Wolo.gg analyzes every decision: build order, eco, micro, common mistakes by bracket. Personalized analysis on WhatsApp or Discord in 30 seconds.
Civ guide
Civ #61
Perfil
LMG_Leonardo